 Dungeon Crawl Stone Soup version 0.28.0-53-g5a82cb258f (webtiles) character file.

Game seed: 2257523224472610225

898 Sin92 the Skirmisher (level 7, 0/56 HPs)
             Began as a Demonspawn Fighter on July 5, 2022.
             Slain by Edmund
             ... wielding a +4 flail of holy wrath
              (5 damage)
             ... on level 5 of the Dungeon.
             The game lasted 00:07:13 (4016 turns).

Sin92 the Skirmisher (Demonspawn Fighter)           Turns: 4016, Time: 00:07:14

Health: 0/56       AC:  7    Str: 18    XL:     7   Next: 79%
Magic:  7/7        EV: 10    Int: 12    God:
Gold:   206        SH:  5    Dex: 12    Spells: 6/6 levels left

rFire   . . .      SeeInvis .   i - +2 whip (venom)
rCold   . . .      Faith    .   c - +0 buckler
rNeg    . . .      Spirit   .   l - +0 troll leather armour
rPois   .          Reflect  .   (no helmet)
rElec   .          Harm     .   (no cloak)
rCorr   .          Rampage  .   q - +0 pair of gloves
Will    .....                   o - +0 pair of boots
Stlth   +.........              k - amulet of magic regeneration
HPRegen 0.98/turn               (no ring)
MPRegen 0.50/turn               (no ring)

@: no status effects
A: hooves 2, big brain 1
a: no special abilities


You were on level 5 of the Dungeon.
You visited 1 branch of the dungeon, and saw 5 of its levels.

You collected 206 gold pieces.

Inventory:

Hand Weapons
 a - a +0 trident
 i - a +2 whip of venom (weapon)
Missiles
 j - 3 javelins (quivered)
Armour
 b - a +0 scale mail
 c - a +0 buckler (worn)
 l - a +0 troll leather armour (worn)
 o - a +0 pair of boots (worn)
 q - a +0 pair of gloves (worn)
Jewellery
 k - an amulet of magic regeneration (around neck)
 s - an amulet of faith
Wands
 r - a wand of flame (10)
Scrolls
 d - a scroll of teleportation
 h - a scroll of fog
Potions
 e - 2 potions of brilliance {unknown}
 f - a potion of resistance
 g - a potion of degeneration {unknown}
 m - 3 potions of curing {unknown}
 n - a potion of mutation {unknown}
 p - a potion of lignification


   Skills:
 + Level 5.0 Fighting
 * Level 4.7 Maces & Flails
 - Level 2.1 Polearms
 + Level 4.5 Armour
 + Level 4.4 Shields


You had 6 spell levels left.
You didn't know any spells.
Your spell library contained the following spells:

 Spells                   Type           Power      Damage    Failure   Level
 Magic Dart               Conj           0%         1d3       45%         1
 Searing Ray              Conj           0%         2d4       58%         2
 Fulminant Prism          Conj/Hex       0%         3d6       99%         4


Dungeon Overview and Level Annotations

Branches:
Dungeon (5/15)
 Temple: D:4-7

Altars:
Dithmenos
Kikubaaqudgha
Makhleb
Ru
Sif Muna
Wu Jian

Annotations:
D:5 Edmund


Innate Abilities, Weirdness & Mutations

You have hoof-like feet.
You have an unusually large brain. (Int +2)


Message History

You hit Edmund.
Edmund looks as sick as possible!
Edmund is moderately wounded.
Edmund closely misses you.
You barely miss Edmund.
Edmund is moderately wounded.
Edmund closely misses you.
You hit Edmund.
Edmund looks as sick as possible!
Edmund is moderately wounded.
Edmund hits you but does no damage.
Unknown command.
You hit Edmund but do no damage.
Edmund is moderately wounded.
Edmund closely misses you.
You hit Edmund but do no damage.
Edmund looks as sick as possible!
Edmund is heavily wounded.
Unknown command.
You hit Edmund.
Edmund looks as sick as possible!
Edmund is heavily wounded.
Edmund closely misses you.
Unknown command.
You hit Edmund but do no damage.
Edmund looks as sick as possible!
Edmund is severely wounded.
Edmund barely misses you.
Unknown command.
You hit Edmund.
Edmund looks as sick as possible!
Edmund is severely wounded.
Edmund hits you with a +4 flail of holy wrath!
You convulse!
* * * LOW HITPOINT WARNING * * *
Unknown command.
You are too injured to fight recklessly!
Unknown command.
You are too injured to fight recklessly!
You are too injured to fight recklessly!
You completely miss Edmund.
Edmund is almost dead.
Edmund hits you with a +4 flail of holy wrath.
* * * LOW HITPOINT WARNING * * *
You convulse.
You die...

#...........#
#...........#
.>.########.######
##.. #.........).#
... #.####.####.#
.. #.......#.#
#.##.##.#.#
#.#...#.#.###
...[_...@@..#
#.#...#.#.#.#
#.##[##.#.# #
......#.#
###.####.# .# ##


You could see Edmund (extremely poisoned).

Vanquished Creatures
  The ghost of bchevrier the Basher, an amateur GnWn of Yredelemnul (D:4)
  Grinder (D:3)
  Eustachio (D:4)
  3 hounds (D:4)
  An orc priest (D:4)
  Jessica (D:3)
  An iguana (D:5)
  A hound skeleton (D:4)
  4 gnolls (D:2)
  6 adders
  An ufetubus (D:4)
  2 worms
  2 dart slugs
  7 orcs
  5 ball pythons
  8 bats
  5 endoplasms
  4 giant cockroaches
  10 goblins
  5 hobgoblins
  8 jackals
  3 frilled lizards (D:1)
  2 kobolds
  3 rats
85 creatures vanquished.

Notes
Turn   | Place    | Note
-------+----------+-------------------------------------------
     0 | D:1      | Sin92 the Demonspawn Fighter began the quest for the Orb.
     0 | D:1      | Reached XP level 1. HP: 18/18 MP: 1/1
     3 | D:1      | Noticed an electric eel
     4 | D:1      | Noticed an electric eel
   411 | D:1      | Gained mutation: You have large cloven feet. [demonic
                  | ancestry]
   411 | D:1      | Reached XP level 2. HP: 22/24 MP: 2/2
  1358 | D:2      | Identified the +6 hunting sling "Jafaze" {venom, Str+5}
  1392 | D:2      | Reached skill level 1 in Maces & Flails
  1392 | D:2      | Reached XP level 3. HP: 20/29 MP: 3/3
  1485 | D:2      | Reached XP level 4. HP: 34/35 MP: 4/4
  2156 | D:3      | Reached XP level 5. HP: 36/42 MP: 5/5
  2297 | D:3      | Noticed Jessica
  2305 | D:3      | Killed Jessica
  2709 | D:3      | Noticed Grinder
  2719 | D:3      | Killed Grinder
  2720 | D:3      | Reached skill level 4 in Fighting
  2720 | D:3      | Gained mutation: You have an unusually large brain. (Int
                  | +2) [demonic ancestry]
  2720 | D:3      | Reached XP level 6. HP: 22/48 MP: 6/6
  2947 | D:4      | Noticed Eustachio
  2960 | D:4      | Killed Eustachio
  2961 | D:4      | Gained mutation: You have hoof-like feet. [demonic
                  | ancestry]
  2961 | D:4      | Reached XP level 7. HP: 52/55 MP: 7/7
  3196 | D:4      | Found an ancient bone altar of Kikubaaqudgha.
  3345 | D:4      | Found a runed translucent door.
  3425 | D:4      | Found a shadowy altar of Dithmenos.
  3523 | D:4      | Found a burning altar of Makhleb.
  3572 | D:4      | Noticed bchevrier's ghost (amateur GnWn)
  3726 | D:4      | Found a shimmering blue altar of Sif Muna.
  3742 | D:4      | Found an ornate altar of the Wu Jian Council.
  3912 | D:4      | Killed bchevrier's ghost
  3918 | D:4      | Identified the +1 robe of Simm {Dex+4}
  3948 | D:5      | Entered Level 5 of the Dungeon
  3962 | D:5      | Reached skill level 5 in Fighting
  3995 | D:5      | Found a sacrificial altar of Ru.
  4003 | D:5      | Noticed Edmund
  4016 | D:5      | Slain by Edmund

Illustrated notes

Levels and vault maps discovered:
D:1:      arrival_aquarium_b, layout_basic, minmay_three_crescents
D:2:      layout_basic
D:3:      layout_loops_ring, serial_forest, infiniplex_forest_clump_C,
          infiniplex_forest_clump_medium, infiniplex_forest_clump_double,
          infiniplex_forest_clump_curved, infiniplex_forest_lined_3,
          infiniplex_forest_straight_2, uniq_jessica, uniq_grinder
D:4:      layout_cave_pods, grunt_dithmenos_smoke,
          mainiacjoe_overflow_surrounded_room, led_sif_pool,
          makhleb_blood_cavern_becter, nicolae_wu_jian_immortal_techniques,
          ebering_ghost_reflecting_pool, uniq_eustachio
D:5:      layout_basic, nicolae_ru_sacrificial_ziggurat,
          minmay_temple_entry_wispy, uniq_edmund

Skill      XL: |  1  2  3  4  5  6  7 |
---------------+----------------------+-----
Polearms       | 2 |  2.1
Maces & Flails | 1 2 3 4 |  4.7
Armour         | 3 4 |  4.5
Shields        | 3 4 |  4.4
Fighting       | 4 5 |  5.0

Action                   |  1- 3 |  4- 6 |  7- 9 || total
-------------------------+-------+-------+-------++-------
Melee: Trident           |    26 |       |       ||    26
       Whip              |    63 |    96 |   135 ||   294
       Kick              |    11 |       |       ||    11
  Use: Scroll            |     4 |     5 |     1 ||    10
       Potion            |       |     2 |       ||     2
Armor: Scale mail        |    33 |       |       ||    33
       Troll leather arm |    14 |    40 |    42 ||    96
Dodge: Dodged            |    47 |    41 |    47 ||   135
Block: Buckler           |    26 |    23 |    27 ||    76
